AoeStats
← CoronaVirus

Black Forest

510230238Analyzed
4v4 RM · 2d ago on Sep 30, 2026· 44m 2s· 8 players
Game mode
Random Map
Map size
Large (8 player)
Population
200
Speed
Normal
Resources
Standard
Victory
Conquest
Starting age
Dark Age
Ending age
Imperial Age
RankedLock teamsTeams togetherTeam positionsShared explorationLock speedFull tech treeHidden civsTurbo modeCheats
Victory
Defeat
🇨🇱 Bulgarians · Chile
989
+14
970
+15
🇨🇳 Bohemians · China
964
+15
🇵🇪 Burgundians · Peru
934
+16
🇨🇦 Danes · Canada
991
-16
🇺🇸 Bohemians · United States
934
-15
🇹🇻 Franks · Tuvalu
933
-33
🇺🇸 Celts · United States
910
-14
victor.rodrigo159753
11:06 Feudal Age
12:56 Wheelbarrow
12:04 Horse Collar
12:14 Double-Bit Axe
13:35 Loom
19:06 Castle Age
21:45 Bow Saw
21:42 Heavy Plow
23:52 Hand Cart
28:11 Imperial Age
28:10 Chemistry
32:06 Two-Man Saw
31:22 Caravan
36:23 Houfnice
38:31 Forging
38:22 Scale Mail Armor
38:24 Padded Archer Armor
38:14 Fletching
38:20 Pikeman
39:01 Squires
38:47 Arson
40:16 Wagenburg Tactics
40:32 Conscription
40:44 Elite Skirmisher
JerryDi
0:28 Loom
14:26 Feudal Age
17:36 Double-Bit Axe
17:36 Horse Collar
20:21 Castle Age
18:34 Bow Saw
19:00 Heavy Plow
20:50 Gold Mining
20:50 Stone Mining
22:18 Wheelbarrow
23:45 Two-Man Saw
28:04 Crop Rotation
27:56 Fortified Wall
28:36 Stone Shaft Mining
28:46 Treadmill Crane
30:12 Gold Shaft Mining
30:16 Hand Cart
33:56 Imperial Age
33:00 Forging
32:56 Scale Barding Armor
33:02 Burgundian Vineyards
32:22 Cavalier
33:55 Husbandry
34:33 Iron Casting
35:45 Chemistry
34:27 Paladin
36:01 Caravan
36:09 Pikeman
36:51 Squires
40:02 Blast Furnace
39:32 Chain Barding Armor
41:39 Conscription
42:22 Plate Barding Armor
41:47 Scale Mail Armor
42:28 Halberdier
Player.R
12:55 Feudal Age
18:54 Castle Age
16:42 Loom
17:50 Gold Mining
17:44 Horse Collar
19:17 Wheelbarrow
34:30 Pikeman
37:46 Imperial Age
37:00 Forging
36:58 Scale Barding Armor
38:35 Iron Casting
41:04 Capped Ram
41:53 Double-Bit Axe
永不投降嘻嘻
11:17 Feudal Age
12:17 Loom
16:04 Castle Age
14:44 Double-Bit Axe
14:40 Horse Collar
18:17 Bow Saw
21:21 Heavy Plow
30:19 Imperial Age
29:21 Fletching
32:35 Chemistry
32:21 Bodkin Arrow
32:37 Forging
32:27 Scale Mail Armor
33:36 Two-Man Saw
32:53 Bracer
33:02 Pikeman
35:18 Wheelbarrow
34:57 Halberdier
39:25 Chain Mail Armor
39:45 Iron Casting
40:20 Iron Casting
40:15 Plate Mail Armor
40:32 Wagenburg Tactics
40:47 Conscription
40:21 Guard Tower
40:51 Ballistics
41:26 Plate Mail Armor
42:03 Keep
44:21 Blast Furnace
43:40 Masonry
43:36 Siege Engineers
43:27 Murder Holes
43:18 Arrowslits
43:54 Hussite Reforms
Jared G
0:32 Loom
14:55 Feudal Age
20:24 Castle Age
18:35 Double-Bit Axe
18:33 Horse Collar
19:52 Wheelbarrow
23:00 Bow Saw
25:40 Fortified Wall
26:55 Hand Cart
26:51 Heavy Plow
31:57 Imperial Age
32:00 Forging
31:50 Scale Mail Armor
31:41 Fletching
31:39 Arson
31:52 Stronghold
31:55 Fishing Lines
32:02 Elite Woad Raider
33:06 Conscription
33:22 Siege Engineers
33:15 Murder Holes
33:42 Ballistics
34:29 Iron Casting
34:15 Husbandry
33:37 Light Cavalry
35:23 Furor Celtica
36:58 Capped Ram
38:22 Gillnets
38:02 Siege Ram
40:05 Blast Furnace
39:20 Chain Mail Armor
39:25 Onager
41:29 Cavalier
42:57 Plate Mail Armor
41:51 Pikeman
42:52 Halberdier
43:13 Paladin
CoronaVirus
4:18 Loom
13:49 Feudal Age
20:11 Castle Age
19:26 Double-Bit Axe
19:27 Horse Collar
22:09 Bow Saw
23:19 Wheelbarrow
28:49 Imperial Age
28:49 Caravan
31:00 Chemistry
31:45 Two-Man Saw
30:50 Heavy Plow
31:24 Hand Cart
30:57 Town Watch
33:09 Ballistics
32:48 Pikeman
33:28 Squires
34:14 Guilds
35:57 Houfnice
36:46 Siege Engineers
36:52 Masonry
36:58 Forging
36:48 Scale Mail Armor
38:00 Conscription
38:45 Halberdier
40:04 Iron Casting
39:44 Chain Mail Armor
45:30 Blast Furnace
45:01 Plate Mail Armor
Rage of Khorne
0:52 Loom
12:47 Feudal Age
14:02 Double-Bit Axe
14:01 Horse Collar
21:41 Castle Age
20:09 Stone Mining
28:40 Stone Shaft Mining
33:28 Gold Mining
thaskyn
11:11 Feudal Age
13:20 Double-Bit Axe
14:16 Wheelbarrow
24:05 Castle Age
21:52 Loom
23:25 Scale Barding Armor
23:38 Forging
30:18 Husbandry
29:52 Ordonnance Companies
32:41 Bow Saw
32:27 Stone Mining
33:19 Iron Casting
36:11 Hand Cart
42:04 Imperial Age
41:42 Scale Mail Armor
41:43 Padded Archer Armor
Connection lost

Rejoining the realm…

Still unreachable

The connection could not be restored.

Session expired

The server has moved on; the page needs a fresh start.